TOP OF THE 1ST |
Seattle Mariners batting - Pitching for Cleveland Indians : RHP Andy Zecher
|
Pitching: RHP Andy Zecher
|
|
Batting: LHB John Zumbo
|
0-0: Ball 1-0: Called Strike 1-1: Swinging Strike 1-2: Strikes out swinging
|
Batting: LHB Bi-jun Chien
|
0-0: Called Strike 0-1: Ball 1-1: Foul Ball, location: 2F 1-2: Ball 2-2: Ball 3-2: SOLO HOME RUN (Line Drive, 89XD, EV 98.8 MPH), Distance : 411 ft
|
Batting: SHB Floyd-William Goof
|
0-0: Foul Ball, location: 2F 0-1: Swinging Strike 0-2: Strikes out swinging
|
Batting: SHB Tze-meng Gan
|
0-0: Called Strike 0-1: Ball 1-1: Ground out 4-3 (Groundball, 34, EV 103.1 MPH)
|
Top of the 1st over - 1 run, 1 hit, 0 errors, 0 left on base; Seattle 1 - Cleveland 0 |
BOTTOM OF THE 1ST |
Cleveland Indians batting - Pitching for Seattle Mariners : RHP Yuri Bijleveld
|
Pitching: RHP Yuri Bijleveld
|
|
Batting: LHB Hector Pedroso
|
0-0: Ball 1-0: Called Strike 1-1: Foul Ball, location: 2F 1-2: Fly out, F8 (Flyball, 8RD, EV 97.5 MPH)
|
Batting: LHB Kyle Schaible
|
0-0: Foul Ball, location: 2F 0-1: Fly out, F8 (Flyball, 78XD, EV 103.1 MPH)
|
Batting: SHB Moe Lester
|
0-0: Ball 1-0: Ball 2-0: Ball 3-0: Hit by Pitch
|
Batting: SHB Merrick Geter
|
0-0: Ball 1-0: Foul Ball, location: 2F 1-1: Called Strike Moe Lester steals 2nd base 1-2: Ball 2-2: Ball 3-2: Foul Ball, location: 2F 3-2: Ground out 6-3 (Groundball, 6, EV 83.8 MPH)
|
Bottom of the 1st over - 0 runs, 0 hits, 0 errors, 1 left on base; Seattle 1 - Cleveland 0 |
TOP OF THE 2ND |
Seattle Mariners batting - Pitching for Cleveland Indians : RHP Andy Zecher
|
Batting: LHB Dae-ik Yoon
|
0-0: Called Strike 0-1: Ground out 6-3 (Groundball, 6, EV 83.1 MPH)
|
Batting: RHB Steve Bartman Jr.
|
0-0: Ball 1-0: Ball 2-0: Ball 3-0: Called Strike 3-1: Swinging Strike 3-2: SINGLE (Line Drive, 56, EV 94.4 MPH)
|
Batting: RHB Ivan Colon
|
0-0: Ball 1-0: Ball 2-0: Ball Steve Bartman Jr. steals 2nd base 3-0: Called Strike 3-1: Foul Ball, location: 2F 3-2: SINGLE (Groundball, 6MD, EV 95.6 MPH) Steve Bartman Jr. to third
|
Batting: RHB Jonathan Rangel
|
0-0: Called Strike 0-1: Ball 1-1: Called Strike 1-2: Strikes out swinging
|
Batting: RHB Young-kwang Ohnn
|
0-0: Called Strike 0-1: Ball 1-1: Fly out, F8 (Flyball, 8LS, EV 77.5 MPH)
|
Top of the 2nd over - 0 runs, 2 hits, 0 errors, 2 left on base; Seattle 1 - Cleveland 0 |
BOTTOM OF THE 2ND |
Cleveland Indians batting - Pitching for Seattle Mariners : RHP Yuri Bijleveld
|
Batting: LHB Arvin Dungca
|
0-0: Called Strike 0-1: Fly out, F7 (Line Drive, 7D, EV 101.2 MPH)
|
Batting: LHB Fernando Campos
|
0-0: Called Strike 0-1: Ground out U3 (Groundball, 34, EV 106.9 MPH)
|
Batting: RHB Jesus Galvan
|
0-0: Ball 1-0: Ground out 6-3 (Groundball, 6, EV 102.5 MPH)
|
Bottom of the 2nd over - 0 runs, 0 hits, 0 errors, 0 left on base; Seattle 1 - Cleveland 0 |
TOP OF THE 3RD |
Seattle Mariners batting - Pitching for Cleveland Indians : RHP Andy Zecher
|
Batting: LHB John Zumbo
|
0-0: Ball 1-0: Called Strike 1-1: Swinging Strike 1-2: Strikes out swinging
|
Batting: LHB Bi-jun Chien
|
0-0: Ball 1-0: Ball 2-0: Foul Ball, location: 2F 2-1: Foul Ball, location: 2F 2-2: Strikes out swinging
|
Batting: SHB Floyd-William Goof
|
0-0: Foul Ball, location: 2F 0-1: Ground out 5-3 (Groundball, 5S, EV 90.0 MPH)
|
Top of the 3rd over - 0 runs, 0 hits, 0 errors, 0 left on base; Seattle 1 - Cleveland 0 |
BOTTOM OF THE 3RD |
Cleveland Indians batting - Pitching for Seattle Mariners : RHP Yuri Bijleveld
|
Batting: SHB Dan Hill
|
0-0: Foul Ball, location: 2F 0-1: Ground out 6-3 (Groundball, 6M, EV 86.2 MPH)
|
Batting: RHB C.J. Sagle
|
0-0: Foul Ball, location: 2F 0-1: Ball 1-1: Ground out U3 (Groundball, 34, EV 102.5 MPH)
|
Batting: LHB Hector Pedroso
|
0-0: Called Strike 0-1: Ball 1-1: Ball 2-1: Foul Ball, location: 2F 2-2: Foul Ball, location: 2F 2-2: Foul Ball, location: 2F 2-2: Ground out U3 (Groundball, 3L, EV 108.8 MPH)
|
Bottom of the 3rd over - 0 runs, 0 hits, 0 errors, 0 left on base; Seattle 1 - Cleveland 0 |
TOP OF THE 4TH |
Seattle Mariners batting - Pitching for Cleveland Indians : RHP Andy Zecher
|
Batting: SHB Tze-meng Gan
|
0-0: SINGLE (Groundball, 13S, EV 69.4 MPH) (infield hit)
|
Batting: LHB Dae-ik Yoon
|
0-0: Called Strike 0-1: Ball 1-1: Foul Ball, location: 2F 1-2: Grounds into double play, 4-6-3 (Groundball, 4S, EV 90.0 MPH)
|
Batting: RHB Steve Bartman Jr.
|
0-0: Ball 1-0: Ball 2-0: Ball 3-0: Base on Balls
|
Batting: RHB Ivan Colon
|
0-0: Called Strike 0-1: Ball 1-1: Ball 2-1: Fielders Choice at 2nd, U6 (Groundball, 6M, EV 90.0 MPH)
|
Top of the 4th over - 0 runs, 1 hit, 0 errors, 1 left on base; Seattle 1 - Cleveland 0 |
BOTTOM OF THE 4TH |
Cleveland Indians batting - Pitching for Seattle Mariners : RHP Yuri Bijleveld
|
Batting: LHB Kyle Schaible
|
0-0: Ball 1-0: Fly out, F5 (Popup, 5SF, EV 78.8 MPH)
|
Batting: SHB Moe Lester
|
0-0: Ball 1-0: Fly out, F4 (Flyball, 34D, EV 89.4 MPH)
|
Batting: SHB Merrick Geter
|
0-0: Called Strike 0-1: Fly out, F5 (Popup, 5F, EV 74.4 MPH)
|
Bottom of the 4th over - 0 runs, 0 hits, 0 errors, 0 left on base; Seattle 1 - Cleveland 0 |
TOP OF THE 5TH |
Seattle Mariners batting - Pitching for Cleveland Indians : RHP Andy Zecher
|
Batting: RHB Jonathan Rangel
|
0-0: Swinging Strike 0-1: Fly out, F9 (Flyball, 89D, EV 76.2 MPH)
|
Batting: RHB Young-kwang Ohnn
|
0-0: Called Strike 0-1: Ball 1-1: Foul Ball, location: 2F 1-2: Ball 2-2: Strikes out swinging
|
Batting: LHB John Zumbo
|
0-0: Called Strike 0-1: Called Strike 0-2: Ball 1-2: Ball 2-2: Ball 3-2: Strikes out swinging
|
Top of the 5th over - 0 runs, 0 hits, 0 errors, 0 left on base; Seattle 1 - Cleveland 0 |
BOTTOM OF THE 5TH |
Cleveland Indians batting - Pitching for Seattle Mariners : RHP Yuri Bijleveld
|
Batting: LHB Arvin Dungca
|
0-0: Called Strike 0-1: Ball 1-1: Foul Ball, location: 2F 1-2: Strikes out swinging, 2-3 out at first.
|
Batting: LHB Fernando Campos
|
0-0: Ball 1-0: Called Strike 1-1: Swinging Strike 1-2: Strikes out looking
|
Batting: RHB Jesus Galvan
|
0-0: Ball 1-0: Foul Ball, location: 2F 1-1: Called Strike 1-2: Foul Ball, location: 2F 1-2: Ball 2-2: Ball 3-2: Strikes out swinging
|
Bottom of the 5th over - 0 runs, 0 hits, 0 errors, 0 left on base; Seattle 1 - Cleveland 0 |
TOP OF THE 6TH |
Seattle Mariners batting - Pitching for Cleveland Indians : RHP Andy Zecher
|
Batting: LHB Bi-jun Chien
|
0-0: Called Strike 0-1: Ball 1-1: Foul Ball, location: 2F 1-2: Ball 2-2: Ball 3-2: Foul Ball, location: 2F 3-2: Ground out 5-3 (Groundball, 56S, EV 66.9 MPH)
|
Batting: SHB Floyd-William Goof
|
0-0: Foul Ball, location: 2F 0-1: Ball 1-1: Ball 2-1: Ground out U3 (Groundball, 3, EV 90.6 MPH)
|
Batting: SHB Tze-meng Gan
|
0-0: Ball 1-0: Called Strike 1-1: Ball 2-1: Ball 3-1: Foul Ball, location: 2F 3-2: Base on Balls
|
Batting: LHB Dae-ik Yoon
|
0-0: Called Strike Tze-meng Gan steals 2nd base (no throw) 0-1: Swinging Strike 0-2: Ball 1-2: Ball 2-2: Foul Ball, location: 2F 2-2: Ball 3-2: Base on Balls
|
Batting: RHB Steve Bartman Jr.
|
0-0: Ball 1-0: Called Strike 1-1: Swinging Strike 1-2: Fly out, F4 (Popup, 3S, EV 83.1 MPH)
|
Top of the 6th over - 0 runs, 0 hits, 0 errors, 2 left on base; Seattle 1 - Cleveland 0 |
BOTTOM OF THE 6TH |
Cleveland Indians batting - Pitching for Seattle Mariners : RHP Yuri Bijleveld
|
Batting: SHB Dan Hill
|
0-0: Called Strike 0-1: Ground out U3 (Groundball, 34, EV 87.5 MPH)
|
Batting: RHB C.J. Sagle
|
0-0: Ball 1-0: Called Strike 1-1: Ground out 6-3 (Groundball, 6, EV 81.2 MPH)
|
Batting: LHB Hector Pedroso
|
0-0: Ball 1-0: SINGLE (Line Drive, 4D, EV 106.9 MPH)
|
Batting: LHB Kyle Schaible
|
0-0: Ball 1-0: Fly out, F9 (Flyball, 9LS, EV 97.5 MPH)
|
Bottom of the 6th over - 0 runs, 1 hit, 0 errors, 1 left on base; Seattle 1 - Cleveland 0 |
TOP OF THE 7TH |
Seattle Mariners batting - Pitching for Cleveland Indians : RHP Andy Zecher
|
Pitching: RHP Dan Korte
|
|
Batting: RHB Ivan Colon
|
0-0: Called Strike 0-1: Ball 1-1: Swinging Strike 1-2: Ball 2-2: Ball 3-2: Base on Balls
|
Batting: RHB Jonathan Rangel
|
0-0: Ball 1-0: Grounds into double play, 6-4-3 (Groundball, 6, EV 106.2 MPH)
|
Batting: RHB Young-kwang Ohnn
|
0-0: Ball 1-0: Ball 2-0: Ball 3-0: Called Strike 3-1: Foul Ball, location: 2F 3-2: Foul Ball, location: 2F 3-2: Foul Ball, location: 2F 3-2: Foul Ball, location: 2F 3-2: Foul Ball, location: 2F 3-2: Foul Ball, location: 2F 3-2: Fly out, F9 (Flyball, 9D, EV 99.4 MPH)
|
Top of the 7th over - 0 runs, 0 hits, 0 errors, 0 left on base; Seattle 1 - Cleveland 0 |
BOTTOM OF THE 7TH |
Cleveland Indians batting - Pitching for Seattle Mariners : RHP Yuri Bijleveld
|
Batting: SHB Moe Lester
|
0-0: Swinging Strike 0-1: Called Strike 0-2: Strikes out swinging
|
Batting: SHB Merrick Geter
|
0-0: Fly out, F4 (Line Drive, 4, EV 69.4 MPH)
|
Batting: LHB Arvin Dungca
|
0-0: Ball 1-0: SINGLE (Groundball, 4S, EV 70.0 MPH) (infield hit)
|
Batting: LHB Fernando Campos
|
0-0: Ball 1-0: Called Strike 1-1: Foul Ball, location: 2F 1-2: Fielders Choice at 2nd, 6-4 (Groundball, 4M, EV 87.5 MPH)
|
Bottom of the 7th over - 0 runs, 1 hit, 0 errors, 1 left on base; Seattle 1 - Cleveland 0 |
TOP OF THE 8TH |
Seattle Mariners batting - Pitching for Cleveland Indians : RHP Dan Korte
|
Pitching: RHP Mike Wilson
|
|
Batting: LHB John Zumbo
|
0-0: Foul Ball, location: 2F 0-1: Called Strike 0-2: Strikes out swinging
|
Batting: LHB Bi-jun Chien
|
0-0: Swinging Strike 0-1: Foul Ball, location: 2F 0-2: Strikes out swinging
|
Pitching: RHP Willie Encinas
|
|
Batting: SHB Floyd-William Goof
|
0-0: Called Strike 0-1: SINGLE (Groundball, 6MS, EV 60.6 MPH) (infield hit)
|
Batting: SHB Tze-meng Gan
|
0-0: Ball 1-0: Ball 2-0: SINGLE (Groundball, 6D, EV 100.0 MPH) Floyd-William Goof to second Runner from 2nd tries for 3rd, SAFE, throw by LF made to third Tze-meng Gan to second
|
Batting: LHB Dae-ik Yoon
|
0-0: Ball 1-0: Called Strike 1-1: Ground out 1-3 (Groundball, 13S, EV 63.1 MPH)
|
Top of the 8th over - 0 runs, 2 hits, 0 errors, 2 left on base; Seattle 1 - Cleveland 0 |
BOTTOM OF THE 8TH |
Cleveland Indians batting - Pitching for Seattle Mariners : RHP Yuri Bijleveld
|
Pitching: RHP William Cordero
|
|
Batting: RHB Jesus Galvan
|
0-0: Called Strike 0-1: Ball 1-1: Swinging Strike 1-2: Ground out 5-3 (Groundball, 5S, EV 83.8 MPH)
|
Batting: SHB Dan Hill
|
0-0: Called Strike 0-1: Ball 1-1: Ground out 4-3 (Groundball, 4, EV 85.6 MPH)
|
Batting: RHB C.J. Sagle
|
0-0: Called Strike 0-1: Foul Ball, location: 2F 0-2: Strikes out swinging
|
Bottom of the 8th over - 0 runs, 0 hits, 0 errors, 0 left on base; Seattle 1 - Cleveland 0 |
TOP OF THE 9TH |
Seattle Mariners batting - Pitching for Cleveland Indians : RHP Willie Encinas
|
Batting: RHB Steve Bartman Jr.
|
0-0: Called Strike 0-1: Foul Ball, location: 2F 0-2: Foul Ball, location: 2F 0-2: Ball 1-2: Ball 2-2: Ball 3-2: Foul Ball, location: 2F 3-2: Foul Ball, location: 2F 3-2: DOUBLE (Line Drive, 3D, EV 102.5 MPH)
|
Batting: RHB Ivan Colon
|
0-0: DOUBLE (Line Drive, 89XD, EV 100.6 MPH) Steve Bartman Jr. scores
|
Batting: RHB Jonathan Rangel
|
0-0: Ball 1-0: Ground out 5-3 (Groundball, 5S, EV 68.1 MPH) Ivan Colon to third
|
Batting: RHB Young-kwang Ohnn
|
0-0: Ball 1-0: Fly out, F8 (Flyball, 89D, EV 98.8 MPH) Runner from 3rd tags up, OUT at HOME! 8-2
|
Top of the 9th over - 1 run, 2 hits, 0 errors, 0 left on base; Seattle 2 - Cleveland 0 |
BOTTOM OF THE 9TH |
Cleveland Indians batting - Pitching for Seattle Mariners : RHP William Cordero
|
Pitching: RHP David Sly
|
|
Batting: LHB Hector Pedroso
|
0-0: Swinging Strike 0-1: Ball 1-1: Ball 2-1: Called Strike 2-2: Strikes out looking
|
Batting: LHB Kyle Schaible
|
0-0: Called Strike 0-1: Ball 1-1: Fly out, F5 (Popup, 6, EV 65.6 MPH)
|
Batting: SHB Moe Lester
|
0-0: Ball 1-0: Called Strike 1-1: Ball 2-1: Ball 3-1: Foul Ball, location: 2F 3-2: Foul Ball, location: 2F 3-2: Base on Balls
|
Batting: SHB Merrick Geter
|
0-0: Called Strike 0-1: Ball 1-1: Ball Wild Pitch! Moe Lester to second 2-1: Ball 3-1: Called Strike 3-2: Ground out 5-3 (Groundball, 5L, EV 86.9 MPH)
|
Bottom of the 9th over - 0 runs, 0 hits, 0 errors, 1 left on base; Seattle 2 - Cleveland 0 |
|